 Dungeon Crawl Stone Soup version 0.18-a0-801-gb01a236 (webtiles) character file.

655 JokEr the Skirmisher (level 7, -4/45 HPs)
             Began as a Gargoyle Fighter on Dec 14, 2015.
             Killed by divine providence
             ... invoked by an orc priest
              (14 damage)
             ... on level 5 of the Dungeon.
             The game lasted 00:07:02 (3676 turns).

JokEr the Skirmisher (Gargoyle Fighter)             Turns: 3676, Time: 00:07:02

Health: -4/45      AC: 16    Str: 27    XL:     7   Next: 54%
Magic:  7/7        EV:  4    Int:  8    God:
Gold:   196        SH:  9    Dex:  9    Spells: 0 memorised, 6 levels left

rFire  . . .     SeeInvis .     a - +1 flail
rCold  . . .     Clarity  .     t - +0 plate armour
rNeg   + . .     SustAt   .     c - +0 shield
rPois  ∞         Gourm    .     (no helmet)
rElec  +         Spirit   .     (no cloak)
rCorr  .         Dismiss  .     (no gloves)
rMut   .         Stasis   .     (no boots)
MR     .....                    (no amulet)
Stlth  ..........               (no ring)
                                (no ring)

@: mighty, not resistant to hostile enchantments, extremely unstealthy
A: negative energy resistance 1, electricity resistance, unbreathing,
petrification resistance, rot immunity, AC +4
a: no special abilities


You were on level 5 of the Dungeon.
You were hungry.

You visited 1 branch of the dungeon, and saw 5 of its levels.

You collected 196 gold pieces.

Inventory:

Hand Weapons
 a - a +1 flail (weapon)
Armour
 c - a +0 shield (worn)
 t - a +0 plate armour (worn)
Jewellery
 g - an uncursed ring of protection from cold
Scrolls
 f - a scroll of identify
 i - a scroll of magic mapping
 l - 2 scrolls of teleportation
 m - a scroll of remove curse
 n - a scroll of noise
Potions
 b - a potion of degeneration {unknown}
 e - 6 potions of curing {unknown}
 h - a potion of resistance {unknown}
 k - a potion of berserk rage {unknown}
 o - 2 potions of poison {unknown}
 p - a potion of cancellation {unknown}
 r - a potion of ambrosia {unknown}
 s - a potion of heal wounds {unknown}
 u - a potion of lignification {unknown}
Books
 q - a book of Clouds

   Spells                             Type                      Level
   a - Mephitic Cloud                 Conjuration/Poison/Air       3
   b - Conjure Flame                  Conjuration/Fire             3
   c - Poisonous Cloud                Conjuration/Poison/Air       6
   d - Freezing Cloud                 Conjuration/Ice/Air          6
   e - Ring of Flames                 Charms/Fire                  7
Comestibles
 j - a meat ration


   Skills:
 + Level 5.9 Fighting
 + Level 5.0 Maces & Flails
 - Level 3.2 Armour
 + Level 5.2 Stealth
 - Level 3.2 Shields


You had 6 spell levels left.
You didn't know any spells.

Dungeon Overview and Level Annotations

Branches:
Dungeon (5/15)
 Temple: D:4-7

Altars:
Fedhas
Makhleb
Sif Muna

Portals:
Ossuary: D:5


Innate Abilities, Weirdness & Mutations

You are resistant to torment.
Your stone body is resilient (AC +4).
You are immune to poison.
You resist negative energy.
You are resistant to electric shocks.
You can survive without breathing.
You are immune to petrification.
You are immune to rotting.


Message History

The orc priest hits you but does no damage.
The orc hits you but does no damage.
The orc priest hits you but does no damage.
The orc barely misses you.
You hit the orc priest.
The orc priest is heavily wounded.
The orc priest invokes the aid of Beogh against you.
Pain shoots through your body!
The orc priest calls upon Beogh to heal the orc priest.
The orc priest is healed somewhat.
The orc hits you but does no damage. The orc priest hits you with a mace.
* * * LOW HITPOINT WARNING * * *
Drink which item? (? for menu, Esc to quit)
You feel very mighty all of a sudden. You block the orc's attack.
Your plate armour prevents you from hitting the orc priest.
The orc priest is lightly wounded.
The orc priest calls down the wrath of Beogh upon you.
Something smites you!
You die...

## ####8# ###...#
#.#...###
#∩......#
......#...#.#
....###ooo#.#
....8..#o#8.######
........@........#
#######.########.#
#. #.#### #.
#....# #. ..
####.# #. ... #.#
## ... #.# #.# #.#
##
###.########.#####


You could see 2 orc priests and 2 orcs.

Vanquished Creatures
  Menkaure (D:4)
  An ogre (D:4)
  A big kobold (D:4)
  A scorpion (D:4)
  A crimson imp (D:2)
  2 hounds (D:4)
  An orc priest (D:4)
  3 worker ants (D:4)
  4 adders
  5 oozes
  2 worms (D:2)
  3 giant geckos
  7 orcs (D:4)
  11 bats
  6 giant cockroaches
  8 goblins
  9 hobgoblins
  A jackal (D:5)
  3 quokkas
  3 ball pythons
  8 giant newts
  8 kobolds
  6 rats
95 creatures vanquished.

Notes
Turn   | Place    | Note
--------------------------------------------------------------
     0 | D:1      | JokEr the Gargoyle Fighter began the quest for the Orb.
     0 | D:1      | Reached XP level 1. HP: 14/14 MP: 1/1
    81 | D:1      | Reached skill level 1 in Stealth
    90 | D:1      | Reached XP level 2. HP: 17/19 MP: 2/2
   550 | D:2      | Reached XP level 3. HP: 22/24 MP: 3/3
   947 | D:2      | Reached skill level 4 in Fighting
  1166 | D:2      | Found a burning altar of Makhleb.
  1244 | D:2      | Reached XP level 4. HP: 10/29 MP: 4/4
  1896 | D:3      | Reached XP level 5. HP: 33/33 MP: 5/5
  2109 | D:3      | Found a deep blue altar of Sif Muna.
  2109 | D:3      | Found a blossoming altar of Fedhas.
  2454 | D:4      | Reached XP level 6. HP: 35/39 MP: 6/6
  2522 | D:4      | Reached skill level 5 in Fighting
  3043 | D:4      | Reached XP level 7. HP: 38/44 MP: 7/7
  3046 | D:4      | Noticed Menkaure
  3061 | D:4      | Killed Menkaure
  3061 | D:4      | Reached skill level 5 in Stealth
  3349 | D:4      | Reached skill level 5 in Maces & Flails
  3534 | D:5      | Entered Level 5 of the Dungeon
  3655 | D:5      | Found a sand-covered staircase.
  3676 | D:5      | Killed from afar by an orc priest

Vault maps used:
D:1:      lemuel_arrival_muddy, corner_web_ring
D:2:      makhleb_grotto_becter, minmay_misc_feat_secret_circle,
          minmay_misc_feat_chi, minmay_ruptured
D:3:      gammafunk_temple_overflow_wave, minmay_misc_feat_rugged
D:4:      serial_bayou, serial_bayou_shore_a, serial_bayou_lagoon_a,
          serial_bayou_ford_a, serial_bayou_pond_a, hangedman_decor_opposing,
          uniq_menkaure
D:5:      first_bread, lightli_ossuary_entry_decrepit_ruins,
          kennysheep_generic_room_11, uniq_blork_the_orc

Action                   |  1- 3 |  4- 6 |  7- 9 || total
-------------------------+-------+-------+-------++-------
Melee: Flail             |   188 |   233 |    36 ||   457
  Use: Scroll            |     1 |     6 |     2 ||     9
       Potion            |       |       |     1 ||     1
  Eat: Bread ration      |     1 |       |       ||     1
       Meat ration       |       |     1 |       ||     1
